[Event "Team 45 45 League T52"]
[Site "Internet Chess Club"]
[Date "2012.03.11"]
[Round "4"]
[White "Docvan"]
[Black "lawth3"]
[Result "1-0"]
[WhiteElo "1241"]
[BlackElo "1160"]
[Opening "Caro-Kann: advance variation"]
[ECO "B12"]
[Time "09:00:31"]
[TimeControl "2700+45"]

1. e4 c6 2. d4 d5 3. e5 Bf5 4. Nc3 e6 5. g4 Bg6 6. Nge2 h6 7. Nf4 Bh7 8. Be3 Qb6
9. Rb1 c5 10. dxc5 Bxc5 11. Nfxd5 exd5 12. Nxd5 Qa5+ 13. b4 Bxb4+ 14. Nxb4 Nc6
15. Qd5 Qxd5 16. Nxd5 Rd8 17. Nc7+ Kd7 18. Rxb7 Rb8 19. Rxb8 Nxb8 20. Nb5 Nc6
21. f4 Bxc2 22. Bc4 Nge7 23. Bxf7 Rb8 24. Nc3 Nd8 25. Bc4 Ndc6 26. e6+ Ke8 27.
Bb5 a6 28. Bxa6 Nd5 29. Nxd5 Rb1+ 30. Kd2 Rxh1 31. Kxc2 Rxh2+ 32. Kb3 Re2 {Black
resigns} 1-0

[Event "Team 45 45 League T52"]
[Site "Internet Chess Club"]
[Date "2012.03.10"]
[Round "4"]
[White "Berke"]
[Black "skyflower"]
[Result "1-0"]
[WhiteElo "1634"]
[BlackElo "1528"]
[Opening "French: advance variation"]
[ECO "C02"]
[Time "16:00:26"]
[TimeControl "2700+45"]

1. e4 e6 2. d4 d5 3. e5 c5 4. c3 a6 5. Bd3 Nc6 6. Nf3 b5 7. O-O Bb7 8. Be3 Qb6
9. Ng5 h6 10. Qh5 Qc7 11. Nxe6 Qb6 12. Nxf8 Kxf8 13. dxc5 Qc7 14. Bf4 Qe7 15.
Nd2 g6 16. Qf3 Kg7 17. Rfe1 d4 18. e6 f6 19. Qg3 g5 20. Bd6 Qe8 21. Ne4 Nge7 22.
f4 Nf5 23. Qf2 Nh4 24. fxg5 fxg5 25. Qf6+ Kg8 26. Nxg5 hxg5 27. Qxg5+ Ng6 28.
Bxg6 Qf8 29. Bf7+ Kh7 30. Qh5+ Qh6 31. Qxh6+ Kxh6 32. e7 Nxe7 33. Rxe7 dxc3 34.
bxc3 Bc6 35. Rae1 Rh7 36. Bf4+ Kg7 37. Bd5+ Kg6 38. Bxc6 Rxe7 39. Rxe7 Rc8 40.
Rc7 Rxc7 41. Bxc7 Kf5 42. a4 bxa4 43. Bxa4 Ke4 44. Ba5 Kd5 45. c6 Kd6 46. c4 Ke7
47. c7 Kd6 48. c8=Q Ke7 49. Qe8+ Kf6 50. Bd7 Kg5 51. Bc7 Kf6 52. Qf8+ Kg6 53. g4
Kg5 54. Kg2 Kg6 55. Kg3 a5 56. Bxa5 Kh7 57. Bf5# {Black checkmated} 1-0

[Event "Team 45 45 League T52"]
[Site "Internet Chess Club"]
[Date "2012.03.10"]
[Round "4"]
[White "arconia"]
[Black "otib2006"]
[Result "0-1"]
[WhiteElo "1312"]
[BlackElo "1353"]
[Opening "Sicilian defense"]
[ECO "B40"]
[Time "08:00:09"]
[TimeControl "2700+45"]

1. e4 c5 2. Nf3 e6 3. Be2 Nc6 4. O-O Nf6 5. d3 Be7 6. h3 O-O 7. Nh2 a6 8. b3 b5
9. Bb2 Bb7 10. Nd2 Qc7 11. Ng4 Nxg4 12. Bxg4 Ne5 13. f4 Nxg4 14. Qxg4 g6 15. f5
exf5 16. Rxf5 Bc8 17. Rf4 d5 18. Qe2 d4 19. Raf1 Bg5 20. R4f3 a5 21. c3 a4 22.
cxd4 axb3 23. Nxb3 Rxa2 24. Nxc5 Qa5 25. e5 Qb4 26. e6 Qxb2 27. Qxb2 Rxb2 28. d5
f5 29. d6 Rc2 30. d4 Bf6 31. d7 Bxd4+ 32. Kh1 Rxc5 33. dxc8=Q Rcxc8 34. Rd3 Rce8
35. Rxd4 Rxe6 36. Rb4 Re5 37. Rd1 Rfe8 38. Rd6 Rb8 39. Kh2 Re4 40. Rdd4 Rxd4 41.
Rxd4 b4 42. Rd1 Kf7 43. Kg3 b3 44. Kf4 b2 45. Rb1 Rb4+ 46. Ke5 Rb5+ 47. Kd4 Kf6
48. Kc3 Ke5 49. Rxb2 Rxb2 50. Kxb2 Kf4 {White resigns} 0-1

[Event "Team 45 45 League T52"]
[Site "Internet Chess Club"]
[Date "2012.03.13"]
[Round "4"]
[White "tamky70"]
[Black "Carl-Hurst"]
[Result "0-1"]
[WhiteElo "1324"]
[BlackElo "1158"]
[Opening "Caro-Kann: exchange variation"]
[ECO "B13"]
[Time "19:00:10"]
[TimeControl "2700+45"]

1. e4 c6 2. d4 d5 3. exd5 cxd5 4. Nf3 Bf5 5. Bd3 Bg6 6. Ne5 Bxd3 7. Qxd3 Nc6 8.
Qb5 Qc7 9. Qxd5 e6 10. Qc5 Bxc5 11. Nxc6 Qxc6 12. dxc5 Qxg2 13. Rg1 {White
resigns} 0-1

[Event "Team 45 45 League T52"]
[Site "Internet Chess Club"]
[Date "2012.03.13"]
[Round "4"]
[White "bmw2002"]
[Black "rookmaster23"]
[Result "0-1"]
[WhiteElo "1595"]
[BlackElo "1565"]
[Opening "King's Indian: fianchetto, classical variation"]
[ECO "E67"]
[Time "20:07:48"]
[TimeControl "2700+45"]

1. c4 Nf6 2. g3 g6 3. Bg2 Bg7 4. Nc3 d6 5. d4 O-O 6. Nf3 Nbd7 7. O-O e5 8. dxe5
Nxe5 9. Nxe5 dxe5 10. Qc2 c6 11. Rd1 Qc7 12. Bg5 Bf5 13. e4 Bg4 14. Rd2 h6 15.
Be3 b6 16. b4 Be6 17. Na4 Ng4 18. Re1 Nxe3 19. Rxe3 Rad8 20. c5 b5 21. Nc3 Rd4
22. Qb2 Rfd8 23. Nb1 a5 24. a3 axb4 25. axb4 h5 26. Bf1 Bh6 27. Rxd4 Rxd4 28.
Re1 Qd7 29. Be2 Rxe4 30. Nc3 Rd4 31. Bf1 Rd2 32. Qa3 Qd4 33. Re4 Qxf2+ 34. Kh1
Qxf1# {White checkmated} 0-1

[Event "Team 45 45 League T52"]
[Site "Internet Chess Club"]
[Date "2012.03.08"]
[Round "4"]
[White "smsxman"]
[Black "bookseller"]
[Result "0-1"]
[WhiteElo "1467"]
[BlackElo "1602"]
[Opening "Four knights: double Ruy Lopez"]
[ECO "C49"]
[Time "10:03:30"]
[TimeControl "2700+45"]

1. e4 e5 2. Nf3 Nc6 3. Nc3 Nf6 4. Bb5 Bb4 5. O-O O-O 6. Re1 Re8 7. d3 Nd4 8. Bc4
b5 9. Bb3 Nxb3 10. axb3 d5 11. exd5 Nxd5 12. Bd2 Nxc3 13. bxc3 Bd6 14. c4 c6 15.
cxb5 cxb5 16. Bc3 Qc7 17. Bb2 Bb7 18. c4 bxc4 19. bxc4 e4 20. dxe4 Rad8 21. Qc2
f5 22. Rxa7 fxe4 23. Qc3 exf3 24. Qb3 Rxe1# {White checkmated} 0-1

[Event "Team 45 45 League T52"]
[Site "Internet Chess Club"]
[Date "2012.03.13"]
[Round "4"]
[White "AlPearson"]
[Black "chicopee-ed"]
[Result "1-0"]
[WhiteElo "1277"]
[BlackElo "1301"]
[Opening "QGD semi-Slav: Meran, Wade variation"]
[ECO "D47"]
[Time "10:00:56"]
[TimeControl "2700+45"]

1. d4 d5 2. c4 c6 3. Nc3 Nf6 4. e3 e6 5. Nf3 Nbd7 6. Bd3 dxc4 7. Bxc4 b5 8. Bd3
Bb7 9. O-O a6 10. a3 c5 11. dxc5 Bxc5 12. b4 Bb6 13. Bb2 Bc7 14. Rc1 O-O 15. Qc2
Ne5 16. Nxe5 Bxe5 17. Rfd1 Qc7 18. h3 Rac8 19. f4 Bxc3 20. Qxc3 Qc5 {Black
resigns} 1-0

[Event "Team 45 45 League T52"]
[Site "Internet Chess Club"]
[Date "2012.03.10"]
[Round "4"]
[White "Just-Jim"]
[Black "Ostap-Bender"]
[Result "0-1"]
[WhiteElo "1388"]
[BlackElo "1405"]
[Opening "Sicilian defense"]
[ECO "B20"]
[Time "14:00:49"]
[TimeControl "2700+45"]

1. e4 c5 2. d3 Nc6 3. f4 e5 4. f5 Nf6 5. Nf3 d6 6. Be2 Be7 7. O-O O-O 8. c3 b5
9. Nbd2 Qb6 10. h3 Bb7 11. Kh2 Rfd8 12. Qb3 d5 13. exd5 Nxd5 14. Ne4 Nf6 15.
Nxf6+ Bxf6 16. Bg5 Bxg5 17. Nxg5 Rd7 18. Bh5 Rf8 19. a4 b4 20. c4 Qd8 21. Nf3
Rxd3 22. Qc2 e4 23. Ne1 Qd6+ 24. Kh1 Rd4 25. Rd1 Rxd1 26. Qxd1 Qxd1 27. Bxd1 Re8
28. Nc2 e3 29. Re1 e2 30. Rxe2 Rxe2 31. Bxe2 Nd4 32. Nxd4 cxd4 33. Bd3 a5 34.
Kh2 Bc6 35. b3 Kf8 36. g4 Bf3 37. c5 Bd5 38. Bc2 Ke7 39. Kg3 f6 40. Kf4 h6 41.
h4 Kd7 42. Bd3 Kc6 43. Bc2 Kxc5 44. g5 hxg5+ 45. hxg5 Kd6 46. gxf6 gxf6 47. Bd1
Bg8 48. Ke4 Kc5 49. Bc2 Bd5+ 50. Kf4 d3 51. Bxd3 Bxb3 52. Bb5 Bc4 53. Ke3 Bxb5
54. axb5 Kxb5 55. Kd3 Kc5 56. Kc2 Kd5 57. Kb3 Ke5 58. Ka4 Kxf5 59. Kxa5 b3
{White resigns} 0-1

[Event "Team 45 45 League T52"]
[Site "Internet Chess Club"]
[Date "2012.03.12"]
[Round "4"]
[White "chicopee-ed"]
[Black "KidRattler"]
[Result "1-0"]
[WhiteElo "1320"]
[BlackElo "1416"]
[Opening "King's Indian: East Indian defense"]
[ECO "A48"]
[Time "15:05:06"]
[TimeControl "2700+45"]

1. d4 Nf6 2. Nf3 g6 3. Nbd2 d6 4. e4 Nc6 5. c3 e5 6. d5 Ne7 7. c4 Bg7 8. Bd3 O-O
9. O-O a6 10. b4 Bd7 11. a4 b5 12. a5 Rb8 13. Nb3 bxc4 14. Bxc4 Rxb4 15. Qd3 Bb5
16. Bxb5 Rxb5 17. Ba3 Qb8 18. Rab1 Qa7 19. Nxe5 dxe5 20. Bxe7 Rfb8 21. Bc5 Rxc5
22. Nxc5 Rxb1 23. Rxb1 Qxc5 24. Qxa6 Nxe4 25. Qc8+ Bf8 26. a6 Qxf2+ 27. Kh1 Kg7
28. Qxc7 Bc5 29. Qxe5+ Nf6 30. d6 Qd2 31. d7 Qxd7 32. Qxc5 Ng4 33. a7 Qd3 34.
Ra1 Qe2 35. a8=Q Qb2 36. Rf1 Qe2 37. Qcf8# {Black checkmated} 1-0

[Event "Team 45 45 League T52"]
[Site "Internet Chess Club"]
[Date "2012.03.09"]
[Round "4"]
[White "Skylab"]
[Black "arconia"]
[Result "1-0"]
[WhiteElo "1359"]
[BlackElo "1328"]
[Opening "Sicilian: Taimanov variation"]
[ECO "B46"]
[Time "19:02:02"]
[TimeControl "2700+45"]

1. Nf3 c5 2. d4 cxd4 3. Nxd4 Nc6 4. Nc3 e6 5. e4 a6 6. Be3 Bb4 7. Be2 e5 8. Nf3
Nf6 9. Bd3 d5 10. exd5 Qxd5 11. O-O Bxc3 12. bxc3 e4 13. Bxe4 Qxe4 14. Re1 O-O
15. Bc5 Qg6 16. Bxf8 Kxf8 17. Ne5 Qg5 18. Nxc6 Nd5 19. Nd4 Bh3 20. Qf3 Nf4 21.
Qg3 Qxg3 22. hxg3 Nd5 23. gxh3 Nxc3 24. Re3 Rc8 25. Ne2 Nd5 26. Rd3 Nb4 27. Rc3
Rd8 28. Nf4 g6 29. Nd3 Nd5 30. Rb3 b6 31. Nf4 Nxf4 32. gxf4 b5 33. Rd3 Rc8 34.
c3 Kg7 35. a4 h5 36. axb5 axb5 37. Rb1 Re8 38. Rxb5 Re1+ 39. Kg2 Re4 40. f5 g5
41. Rf3 g4 42. hxg4 hxg4 43. Re3 Rxe3 44. fxe3 f6 45. Kg3 {Black resigns} 1-0

[Event "Team 45 45 League T52"]
[Site "Internet Chess Club"]
[Date "2012.03.08"]
[Round "4"]
[White "Aquaman"]
[Black "kingsrook"]
[Result "1-0"]
[WhiteElo "1212"]
[BlackElo "1277"]
[Opening "Réti opening"]
[ECO "A05"]
[Time "20:00:39"]
[TimeControl "2700+45"]

1. Nf3 Nf6 2. g3 d5 3. Bg2 c5 4. O-O e6 5. d3 Be7 6. Nbd2 d4 7. c3 Nc6 8. cxd4
cxd4 9. a3 O-O 10. b4 a6 11. Bb2 e5 12. Nc4 Bd6 13. Nxd6 Qxd6 14. Rc1 Re8 15.
Nd2 Be6 16. Nc4 Bxc4 17. Rxc4 Rac8 18. Qc2 Rc7 19. Rc1 Rec8 20. Qd2 h6 21. Rc5
Nd7 22. Rd5 Qe6 23. e4 Ne7 24. Rxc7 Rxc7 25. Ra5 Qc6 26. Bh3 Nf6 27. Rxe5 Qc2
28. Qxc2 Rxc2 29. Rxe7 Rxb2 30. Rxb7 Rb3 31. Rb8+ Kh7 32. Bf5+ g6 33. Bc8 Rxa3
34. Rb6 Rxd3 35. Rxf6 Rd1+ 36. Kg2 Kg7 37. Rd6 d3 38. Bxa6 d2 39. Be2 Rb1 40. b5
d1=Q 41. Bxd1 Rxb5 42. Be2 Rb4 43. Kf3 Rb3+ 44. Rd3 Rb6 45. e5 Rb4 46. Ke3 Rb5
47. Ke4 Rb4+ 48. Rd4 Rb2 49. Ke3 Rb3+ 50. Bd3 Rb6 51. f4 Rc6 52. h4 Rc1 53. Kf2
Rh1 54. Kf3 Rd1 55. Ke2 Rg1 56. Kf3 Rd1 57. Ke4 Re1+ 58. Kf3 Rd1 59. g4 Rg1 60.
Rd6 Rh1 61. h5 Rh3+ 62. Kg2 Re3 63. hxg6 fxg6 64. Bxg6 Re2+ 65. Kf3 Ra2 66. Bd3
Rh2 67. f5 Rh3+ 68. Kf4 Kf7 69. Bc4+ Kg7 70. f6+ Kg6 71. f7+ Kg7 72. Rd8 {Black
resigns} 1-0

[Event "Team 45 45 League T52"]
[Site "Internet Chess Club"]
[Date "2012.03.12"]
[Round "4"]
[White "Fulmar"]
[Black "Docvan"]
[Result "0-1"]
[WhiteElo "1248"]
[BlackElo "1280"]
[Opening "French: advance, Milner-Barry gambit"]
[ECO "C02"]
[Time "19:01:09"]
[TimeControl "2700+45"]

1. e4 e6 2. d4 d5 3. e5 c5 4. c3 Qb6 5. Nf3 Nc6 6. Bd3 cxd4 7. cxd4 Bd7 8. O-O
Nxd4 9. Nxd4 Qxd4 10. Re1 Ne7 11. Nc3 a6 12. Be3 Qxe5 13. Bc2 Qd6 14. Rc1 Nc6
15. a4 Be7 16. Re2 O-O 17. Qd3 f5 18. Bd2 Nb4 19. Qe3 d4 20. Qh3 Nxc2 21. Rxc2
d3 22. f4 dxc2 23. Bc1 Bxa4 24. Rd2 Qc5+ 25. Kh1 Rad8 26. Re2 Rd1+ 27. Nxd1
cxd1=Q+ 28. Re1 Qxe1# {White checkmated} 0-1

[Event "Team 45 45 League T52"]
[Site "Internet Chess Club"]
[Date "2012.03.10"]
[Round "4"]
[White "pereelcoix"]
[Black "drsigmund1"]
[Result "0-1"]
[WhiteElo "1212"]
[BlackElo "1436"]
[Opening "French defense"]
[ECO "C00"]
[Time "06:01:45"]
[TimeControl "2700+45"]

1. e4 e6 2. Nf3 d5 3. e5 c5 4. Bb5+ Bd7 5. Bxd7+ Nxd7 6. O-O Nh6 7. d3 Nf5 8.
Bg5 Qb6 9. b3 h6 10. Bd2 Be7 11. Qe1 f6 12. exf6 Bxf6 13. Bc3 d4 14. Bd2 O-O-O
15. Ba5 Qc6 16. Bxd8 Kxd8 17. Nbd2 g5 18. h3 h5 19. Qe4 Qd6 20. Qxb7 g4 21. hxg4
hxg4 22. g3 Nxg3 23. Rfe1 gxf3 24. Qa8+ Ke7 25. Qxf3 Rg8 26. Ne4 Nxe4+ 27. Kf1
Nd2+ {White resigns} 0-1

[Event "Team 45 45 League T52"]
[Site "Internet Chess Club"]
[Date "2012.03.11"]
[Round "4"]
[White "wildangels"]
[Black "artspir"]
[Result "0-1"]
[WhiteElo "966"]
[BlackElo "1177"]
[Opening "Caro-Kann: closed (Breyer) variation"]
[ECO "B10"]
[Time "10:00:33"]
[TimeControl "2700+45"]

1. e4 c6 2. d3 d5 3. Nd2 e5 4. g3 Nf6 5. Bg2 Bc5 6. Qe2 O-O 7. Ngf3 Bg4 8. O-O
Nbd7 9. Nb3 Bb6 10. Be3 dxe4 11. dxe4 Nxe4 12. Rad1 Nef6 13. Qe1 e4 14. Qe2 exf3
15. Bxf3 Bxf3 16. Qxf3 Qc7 17. Rfe1 Ne5 18. Qf5 Rfe8 19. Bg5 Re6 20. Nd4 Bxd4
21. Rxd4 c5 22. Rh4 Ng6 23. Rc4 Rxe1+ 24. Kg2 Qc6+ 25. f3 Re2+ 26. Kh3 b6 27. b4
h6 28. Bxf6 gxf6 29. bxc5 Re5 30. Qd3 Qe6+ 31. g4 Re3 32. Qd1 h5 33. Rd4 bxc5
34. Rd8+ Rxd8 35. Qxd8+ Kg7 36. Kg2 Re2+ 37. Kh3 hxg4+ 38. Kg3 gxf3 39. Qd3 f2
40. Qf3 Qe5+ 41. Kg2 Nh4+ {White resigns} 0-1

[Event "Team 45 45 League T52"]
[Site "Internet Chess Club"]
[Date "2012.03.08"]
[Round "4"]
[White "Cicero"]
[Black "vjbaker"]
[Result "1-0"]
[WhiteElo "1338"]
[BlackElo "1271"]
[Opening "Modern defense"]
[ECO "A40"]
[Time "17:01:21"]
[TimeControl "2700+45"]

1. d4 g6 2. e4 d6 3. Nf3 Bg7 4. Bc4 Nf6 5. Nc3 O-O 6. O-O Nc6 7. a3 Na5 8. Ba2
c5 9. b4 Nc6 10. d5 Nb8 11. bxc5 dxc5 12. Rb1 e6 13. Bg5 Qd7 14. Qe2 Ne8 15. Nd1
b6 16. Ne3 Ba6 17. c4 Nd6 18. Rfd1 Nxe4 19. dxe6 Qxe6 20. Nd5 Nc6 21. Nc7 Qc8
22. Nxa6 Qxa6 23. Qxe4 Qb7 24. Rd6 Rac8 25. Rbd1 Rfe8 26. Qd5 Bf8 27. Rd7 Rc7
28. Qxf7+ Kh8 29. Qxh7# {Black checkmated} 1-0

[Event "Team 45 45 League T52"]
[Site "Internet Chess Club"]
[Date "2012.03.12"]
[Round "4"]
[White "lawth3"]
[Black "irock2011"]
[Result "0-1"]
[WhiteElo "1149"]
[BlackElo "1281"]
[Opening "QGD Slav: exchange variation"]
[ECO "D10"]
[Time "19:02:44"]
[TimeControl "2700+45"]

1. d4 d5 2. c4 c6 3. cxd5 cxd5 4. Nf3 Bf5 5. e3 Nf6 6. Nc3 e6 7. g3 Bb4 8. Bd2
O-O 9. a3 Bd6 10. Bg2 Nc6 11. O-O Qd7 12. Qa4 a6 13. Ne5 Bxe5 14. dxe5 Ng4 15.
f4 Qc7 16. Ne2 Bd3 17. Bf3 Nh6 18. Rac1 Qb6 19. Rc3 Bb5 20. Qd1 Nf5 21. Rf2 Rac8
22. Rb3 Qa7 23. Bc3 Ba4 24. Nd4 Ncxd4 25. Ba5 Nxb3 26. Bb4 Rc1 {White resigns}
0-1

[Event "Team 45 45 League T52"]
[Site "Internet Chess Club"]
[Date "2012.03.11"]
[Round "4"]
[White "mc9999"]
[Black "Macovitski"]
[Result "1-0"]
[WhiteElo "1053"]
[BlackElo "1066"]
[Opening "Scandinavian: Pytel-Wade variation"]
[ECO "B01"]
[Time "18:11:18"]
[TimeControl "2700+45"]

1. e4 d5 2. exd5 Qxd5 3. Nc3 Qd6 4. Nf3 Nf6 5. Bc4 a6 6. d4 b5 7. Bb3 Bb7 8. O-O
e6 9. a4 c6 10. axb5 axb5 11. Rxa8 Bxa8 12. Ne5 Be7 13. Qe1 O-O 14. Ne4 Qxd4 15.
Nxf6+ Bxf6 16. Nd3 c5 17. Be3 Qg4 18. f3 Qf5 19. Bxc5 Re8 20. Rf2 Nd7 21. Bd6
Rd8 22. Bc7 Rc8 23. Bd6 Rd8 24. Qb4 Bc6 25. Be7 Re8 26. Bxf6 Qxf6 27. c4 bxc4
28. Qxc4 Bd5 29. Qb4 Rb8 30. Qa4 Qe7 31. Bxd5 exd5 32. Qd4 Nb6 33. Qb4 Qxb4 34.
Nxb4 d4 35. Rd2 Rd8 36. Nc6 Rd7 37. Nxd4 Nc4 38. Re2 g6 39. Nc6 Rd1+ 40. Kf2 Rb1
41. b4 Rb2 42. Rxb2 Nxb2 43. b5 Nc4 44. Ke2 Kf8 45. Kd3 Nb6 46. Kd4 Ke8 47. Kc5
Nd7+ 48. Kd6 Nb6 49. Kc7 Nd5+ 50. Kc8 Nb6+ 51. Kb7 Nd7 52. b6 Nxb6 53. Kxb6 Kd7
54. Kc5 Ke6 55. Kd4 f5 56. Ke3 g5 57. f4 h6 58. Nd4+ Kf6 59. fxg5+ hxg5 60. Kf3
g4+ 61. Kf4 Kg6 62. Nxf5 Kh5 63. g3 {Black resigns} 1-0

[Event "Team 45 45 League T52"]
[Site "Internet Chess Club"]
[Date "2012.03.12"]
[Round "4"]
[White "BTop"]
[Black "Grenadier"]
[Result "1-0"]
[WhiteElo "1665"]
[BlackElo "1791"]
[Opening "English, 1...Nf6 (Anglo-Indian defense)"]
[ECO "A15"]
[Time "07:30:22"]
[TimeControl "2700+45"]

1. c4 Nf6 2. g3 g6 3. Bg2 Bg7 4. Nc3 O-O 5. e4 d6 6. Nge2 e5 7. d3 Be6 8. O-O
Qd7 9. Bg5 Nc6 10. Nd5 Ne8 11. Qd2 Bh3 12. Bxh3 Qxh3 13. b4 f6 14. Be3 Qd7 15.
f4 exf4 16. Rxf4 Ne7 17. Nxe7+ Qxe7 18. Raf1 c6 19. Nc3 Nc7 20. a3 Rad8 21. a4
d5 22. Bc5 Qe6 23. Bxf8 Rxf8 24. exd5 cxd5 25. cxd5 Nxd5 26. Re4 Qb6+ 27. Kg2
Nxb4 28. Rb1 a5 29. Nd5 Qc5 30. Nxb4 axb4 31. Qxb4 Qc2+ 32. Kh1 f5 33. Qc4+ Qxc4
34. Rxc4 Rd8 35. Rxb7 Rxd3 36. Rc8+ Bf8 37. Rbb8 Ra3 38. Rxf8+ Kg7 39. Ra8 h5
40. Rfb8 g5 41. Rb6 Ra1+ 42. Kg2 Ra2+ 43. Kh3 g4+ 44. Kh4 Rxh2+ 45. Kg5 Re2 46.
Rb7+ {Black resigns} 1-0

[Event "Team 45 45 League T52"]
[Site "Internet Chess Club"]
[Date "2012.03.09"]
[Round "4"]
[White "zepled37"]
[Black "monkeyshark"]
[Result "1-0"]
[WhiteElo "1612"]
[BlackElo "1479"]
[Opening "Scotch: Schmidt variation"]
[ECO "C45"]
[Time "08:36:37"]
[TimeControl "2700+45"]

1. e4 e5 2. Nf3 Nc6 3. d4 exd4 4. Nxd4 Nf6 5. Nxc6 bxc6 6. Bd3 Bc5 7. Nc3 O-O 8.
Bg5 h6 9. Bh4 Re8 10. O-O d5 11. exd5 cxd5 12. Nxd5 g5 13. Nxf6+ Qxf6 14. Bg3
Qxb2 15. Bxc7 Qc3 16. Bg3 Be6 17. Qf3 Bd4 18. Qe4 f5 19. Qb7 Rad8 20. h4 Rd7 21.
Qf3 f4 22. Bh2 Bd5 23. Qh5 Bxf2+ 24. Kh1 Bf7 25. Qxh6 Bd5 26. Qxg5+ Kf8 27.
Qxf4+ Rf7 28. Qd6+ Rfe7 29. Qxd5 Qxa1 30. Rxa1 Re1+ 31. Bf1 Rxa1 32. Qf3+ Kg8
33. Qxf2 Rf8 34. Qxf8+ Kxf8 35. Kg1 Kf7 36. Kf2 Kf6 37. g4 Rxa2 38. Bd3 a5 39.
g5+ Kg7 40. Be5+ Kf8 41. g6 Ra4 42. c4 Ra2+ 43. Ke3 a4 44. h5 Rg2 45. h6 a3 46.
h7 {Black resigns} 1-0

[Event "Team 45 45 League T52"]
[Site "Internet Chess Club"]
[Date "2012.03.11"]
[Round "4"]
[White "fireball"]
[Black "GoIrish"]
[Result "1-0"]
[WhiteElo "1711"]
[BlackElo "1608"]
[Opening "King's Indian: fianchetto with ...Nd7"]
[ECO "E67"]
[Time "21:03:04"]
[TimeControl "2700+45"]

1. d4 Nf6 2. c4 g6 3. Nc3 Bg7 4. Nf3 O-O 5. g3 d6 6. Bg2 Nbd7 7. O-O Rb8 8. Re1
b6 9. e4 e5 10. d5 Nc5 11. b4 Ncd7 12. h3 a5 13. a3 Ne8 14. Qd3 h6 15. Ra2 f5
16. Nh4 Qf6 17. Nf3 Qf7 18. Nh2 Ndf6 19. Be3 fxe4 20. Nxe4 Bf5 21. Nxf6+ Nxf6
22. Qd2 g5 23. g4 Bg6 24. bxa5 bxa5 25. Qxa5 Ra8 26. Qc3 Ne4 27. Bxe4 Bxe4 28.
Bxg5 Bxd5 29. cxd5 hxg5 30. Qc4 Rxa3 31. Kg2 Rxa2 32. Qxa2 c6 33. Rd1 c5 34. Rd3
e4 35. Rd2 Bd4 36. Re2 Re8 37. Nf1 Qf3+ 38. Kh2 Be5+ 39. Ng3 Bxg3+ 40. fxg3 e3
41. Qc4 Re5 42. Qb5 Qxd5 43. Qb8+ Kf7 44. Rb2 Re7 45. Qh8 Qe5 46. Qh7+ Ke6 47.
Qg8+ Kf6 48. Qh8+ Kg6 49. Qh5+ Kg7 50. Rb8 e2 51. Qh8+ Kf7 52. Qg8+ Kf6 53. Rf8+
Rf7 54. Qxf7# {Black checkmated} 1-0

[Event "Team 45 45 League T52"]
[Site "Internet Chess Club"]
[Date "2012.03.12"]
[Round "4"]
[White "BrerRabbit"]
[Black "jhbchess"]
[Result "1/2-1/2"]
[WhiteElo "1475"]
[BlackElo "1561"]
[Opening "English opening"]
[ECO "A25"]
[Time "10:45:21"]
[TimeControl "2700+45"]

1. c4 e5 2. g3 Nc6 3. Nc3 f5 4. Nf3 Nf6 5. d4 e4 6. Nh4 d5 7. cxd5 Nxd5 8. Bh3
Bb4 9. O-O Bxc3 10. bxc3 Nxc3 11. Qd2 Qxd4 12. Rd1 Nxd1 {Game drawn by mutual
agreement} 1/2-1/2

[Event "Team 45 45 League T52"]
[Site "Internet Chess Club"]
[Date "2012.03.09"]
[Round "4"]
[White "pauliewoll"]
[Black "LazyPeon"]
[Result "1/2-1/2"]
[WhiteElo "1625"]
[BlackElo "1777"]
[Opening "Four knights: Rubinstein counter-gambit"]
[ECO "C48"]
[Time "13:30:55"]
[TimeControl "2700+45"]

1. e4 e5 2. Nf3 Nc6 3. Nc3 Nf6 4. Bb5 Nd4 5. Ba4 Bc5 6. Nxe5 O-O 7. Nd3 Bb6 8.
e5 c6 9. exf6 Re8+ 10. Kf1 Qxf6 11. Qg4 d5 12. Qf4 Bf5 13. Qg3 Bxd3+ 14. cxd3
Re7 15. b4 Rae8 16. Ba3 Re2 17. Nxd5 cxd5 18. Bxe8 Rxe8 19. Bb2 Qe6 20. Qe3 Qd7
21. Qg3 Qe6 22. Qe3 {Game drawn by mutual agreement} 1/2-1/2

[Event "Team 45 45 League T52"]
[Site "Internet Chess Club"]
[Date "2012.03.12"]
[Round "4"]
[White "ticopatzer"]
[Black "nosir"]
[Result "1-0"]
[WhiteElo "1676"]
[BlackElo "1470"]
[Opening "Réti opening"]
[ECO "A09"]
[Time "19:07:18"]
[TimeControl "2700+45"]

1. Nf3 d5 2. c4 Nc6 3. cxd5 Qxd5 4. Nc3 Qd8 5. d4 Bg4 6. d5 Bxf3 7. gxf3 Ne5 8.
Bf4 Qd6 9. Nb5 Qb4+ 10. Qd2 Qxb5 11. Bxe5 e6 12. e4 Qb4 13. Bh3 exd5 14. Bxc7
Qxd2+ 15. Kxd2 Bb4+ 16. Kd3 dxe4+ 17. fxe4 Nf6 18. Rac1 O-O 19. a3 Be7 20. Rhd1
Ne8 21. Bg3 Rd8+ 22. Ke3 Rxd1 23. Rxd1 Bc5+ 24. Kf3 Nf6 25. b4 Be7 26. e5 Nh5
27. Rd7 Nxg3 28. Rxe7 Nh5 29. Rxb7 Ra8 30. Ke4 g6 31. f4 Ng7 32. Bf1 Ne6 33. Bc4
a5 34. Bxe6 fxe6 35. b5 h6 36. Re7 Rb8 37. a4 Rc8 38. Rxe6 Rc4+ 39. Kd5 Rxa4 40.
Rxg6+ Kf7 41. f5 Rb4 42. e6+ Ke7 43. f6+ Ke8 44. Rg8# {Black checkmated} 1-0

[Event "Team 45 45 League T52"]
[Site "Internet Chess Club"]
[Date "2012.03.11"]
[Round "4"]
[White "SirIvanhoe"]
[Black "realchess"]
[Result "1/2-1/2"]
[WhiteElo "1493"]
[BlackElo "1721"]
[Opening "Sicilian: closed"]
[ECO "B24"]
[Time "21:00:24"]
[TimeControl "2700+45"]

1. e4 c5 2. Nc3 Nc6 3. g3 g6 4. Bg2 Bg7 5. d3 e6 6. Be3 d6 7. Qd2 a6 8. a4 Bd7
9. Nge2 Nge7 10. Bh6 O-O 11. h4 f5 12. h5 fxe4 13. dxe4 Bxc3 14. Qxc3 e5 15.
Bxf8 Qxf8 16. Qb3+ Kg7 17. hxg6 hxg6 18. Qf3 Qg8 19. Qe3 Qc4 20. Qh6+ Kf6 21.
Qh4+ Kg7 22. Qh7+ Kf6 23. Qh4+ Kg7 24. Qh6+ Kf7 25. Qd2 Nd4 26. Nxd4 cxd4 27. b3
Qc5 28. Rh7+ Kf6 29. Qh6 Qc3+ 30. Ke2 Bg4+ 31. f3 Qxc2+ 32. Kf1 Qd3+ 33. Kf2 Ke6
34. Rxe7+ Kxe7 35. Qg7+ Ke6 36. Qxg6+ Ke7 37. Qg7+ Kd8 38. Qxg4 Qe3+ 39. Kf1 Kc7
40. Qg7+ Kb6 41. Qd7 Qd3+ 42. Kg1 Qe3+ 43. Kf1 Qd3+ 44. Kg1 Qe3+ {Game drawn by
mutual agreement} 1/2-1/2

[Event "Team 45 45 League T52"]
[Site "Internet Chess Club"]
[Date "2012.03.12"]
[Round "4"]
[White "Vin07"]
[Black "CKNIGHT3"]
[Result "0-1"]
[WhiteElo "1457"]
[BlackElo "1567"]
[Opening "Queen's pawn game"]
[ECO "D04"]
[Time "16:00:38"]
[TimeControl "2700+45"]

1. d4 d5 2. Nf3 Nf6 3. e3 c5 4. c3 Nc6 5. Bd3 e6 6. Nbd2 Bd6 7. O-O O-O 8. e4 e5
9. dxc5 Bxc5 10. exd5 Qxd5 11. Qc2 h6 12. Ne4 Be7 13. Be3 Bg4 14. Rad1 Qxa2 15.
Ra1 Qd5 16. Rfd1 Nxe4 17. Bxe4 Qe6 18. h3 Bh5 19. Bd5 Qf6 20. Be4 a6 21. Rd7
Rfb8 22. Rad1 Kf8 23. Rc7 Nd8 24. Bc5 Bxc5 25. Rxc5 Ne6 26. Rxe5 Bxf3 27. Rf5
Bxe4 28. Qxe4 Qe7 29. Rfd5 Rd8 30. Qh7 f6 {White resigns} 0-1

[Event "Team 45 45 League T52"]
[Site "Internet Chess Club"]
[Date "2012.03.10"]
[Round "4"]
[White "otib2006"]
[Black "Just-Jim"]
[Result "0-1"]
[WhiteElo "1339"]
[BlackElo "1405"]
[Opening "Queen's pawn game"]
[ECO "D02"]
[Time "12:00:10"]
[TimeControl "2700+45"]

1. d4 d5 2. Nf3 Bf5 3. e3 a6 4. c3 h6 5. Bd3 Bxd3 6. Qxd3 Nc6 7. O-O e6 8. Nbd2
Be7 9. e4 dxe4 10. Nxe4 Nf6 11. Qe2 Nxe4 12. Qxe4 Qd7 13. Bf4 O-O-O 14. Rfd1 Qd5
15. Qxd5 Rxd5 16. c4 Rf5 17. g3 Bd6 18. Nh4 Rh5 19. Bxd6 cxd6 20. d5 exd5 21.
Rxd5 Rxd5 22. cxd5 Ne7 23. Rc1+ Kd7 24. Rd1 Rc8 25. Rd2 Rc5 26. Rd3 Rc2 27. Rb3
Kc7 28. Rf3 f6 29. Nf5 Nxf5 30. Rxf5 Rxb2 31. Rf3 Rxa2 32. Rc3+ Kb6 33. Rc8 Rd2
34. Rg8 Kc5 35. Rxg7 b5 36. Rc7+ Kb6 37. Rh7 b4 38. Rxh6 Rxd5 39. Rxf6 b3 40.
Rf3 Rb5 41. Rf6 Kc5 42. Rf5+ Kc6 43. Rxb5 Kxb5 44. h4 b2 45. f4 b1=Q+ 46. Kg2
Qg6 47. Kh3 Qf5+ 48. g4 Qxf4 49. h5 Qg5 50. Kg3 a5 51. h6 Qxh6 52. Kf3 a4 53.
Ke4 Qg5 54. Kf3 a3 55. Kg3 a2 56. Kf3 a1=Q {White resigns} 0-1